 Dungeon Crawl Stone Soup version 0.24.0-13-gcf9b319 (webtiles) character file.

Game seed: 6774578304264927974, levelgen mode: deterministic

136 Bronimir the Poker (level 4, 0/37 HPs)
             Began as a Centaur Gladiator on Apr 19, 2020.
             Slain by Grinder (6 damage)
             ... on level 3 of the Dungeon.
             The game lasted 00:05:33 (2576 turns).

Bronimir the Poker (Centaur Gladiator)              Turns: 2576, Time: 00:05:34

Health: 0/37       AC:  9    Str: 18    XL:     4   Next: 98%
Magic:  4/4        EV: 10    Int:  7    God:
Gold:   96         SH:  0    Dex: 10    Spells: 3/3 levels left

rFire    . . .     SeeInvis .   a - +0 halberd
rCold    . . .     Gourm    .   (shield currently unavailable)
rNeg     . . .     Faith    .   b - +1 leather armour
rPois    .         Spirit   .   c - +0 helmet
rElec    .         Reflect  .   (no cloak)
rCorr    .         Harm     .   k - +2 pair of gloves
MR       .....                  (no barding)
Stlth    ..........             (no amulet)
HPRegen  0.12/turn              (no ring)
MPRegen  0.09/turn              (no ring)

@: very quick
A: large, hooves 3, deformed body, speed 2, tough skin 3
a: no special abilities


You were on level 3 of the Dungeon.
You were hungry.

You visited 1 branch of the dungeon, and saw 3 of its levels.

You collected 96 gold pieces.

Inventory:

Hand Weapons
 a - a +0 halberd (weapon)
 h - a +0 trident
Missiles
 d - 3 throwing nets (quivered)
 e - 17 arrows
 g - 75 stones
 p - 17 poisoned darts
Armour
 b - a +1 leather armour (worn)
 c - a +0 helmet (worn)
 k - a +2 pair of gloves (worn)
Scrolls
 l - a scroll of enchant weapon {unknown}
 m - 2 scrolls of remove curse {unknown}
 n - a scroll of teleportation {unknown}
 q - 2 scrolls of identify {unknown}
 s - a scroll of fear {unknown}
Potions
 j - 3 potions of curing {unknown}
 o - 2 potions of flight {unknown}
 r - a potion of lignification {unknown}
Comestibles
 f - 2 rations


   Skills:
 * Level 2.6 Fighting
 * Level 4.0 Polearms
 + Level 2.3 Throwing
 * Level 0.8 Armour
 * Level 2.8 Dodging


You had 3 spell levels left.
You didn't know any spells.
Your spell library was empty.

Dungeon Overview and Level Annotations

Branches:
Dungeon (3/15)

Altars:
Uskayaw

Annotations:
D:3 Grinder


Innate Abilities, Weirdness & Mutations

You have hooves in place of feet.
Armour fits poorly on your strangely shaped body.
You cover ground very quickly.
You have extremely tough skin. (AC +3)


Message History

Press: ? - help, Dir - move target cursor, f - Grinder
Aim: Grinder You reach to attack!
You hit Grinder.
Grinder is lightly wounded.
You slash Grinder!
Grinder is moderately wounded.
Grinder hits you.
You writhe in agony.
Grinder gestures at you. Pain shoots through your body!
You are too injured to fight recklessly!
You are too injured to fight recklessly!
Evoke which item? (* to show all) (? for menu, Esc to quit)
Okay, then.
As you read the scroll labeled OMMYDDYHIP, it crumbles to dust.
It is a scroll of enchant armour.
Your +0 leather armour glows green for a moment.
Grinder hits you!
* * * LOW HITPOINT WARNING * * *
You writhe in agony.
You die...

# #. #.# ###
.##..##=.
........########
.............%..
#(.# ##5# #@#
#.# #.. ##.. ###


You could see Grinder.

Vanquished Creatures
  A crimson imp (D:2)
  A gnoll (D:1)
  2 adders (D:2)
  An ooze (D:1)
  A worm (D:2)
  5 dart slugs
  4 leopard geckos (D:2)
  6 bats
  2 giant cockroaches (D:2)
  8 goblins
  9 hobgoblins
  5 kobolds
  A quokka (D:2)
  4 frilled lizards
  5 rats
55 creatures vanquished.

Notes
Turn   | Place    | Note
-------+----------+-------------------------------------------
     0 | D:1      | Bronimir the Centaur Gladiator began the quest for the Orb.
     0 | D:1      | Reached XP level 1. HP: 17/17 MP: 1/1
   131 | D:1      | Reached XP level 2. HP: 18/24 MP: 2/2
   157 | D:1      | Reached skill level 3 in Polearms
   518 | D:1      | Reached XP level 3. HP: 21/29 MP: 3/3
  1118 | D:2      | Reached XP level 4. HP: 31/37 MP: 4/4
  1645 | D:2      | Noticed a +0 dagger
  1647 | D:2      | Found a hide-covered altar of Uskayaw.
  1647 | D:2      | Noticed a +0 hand axe
  1784 | D:2      | Reached skill level 4 in Polearms
  2293 | D:3      | Noticed Grinder
  2312 | D:3      | Paralysed by Grinder for 6 turns
  2576 | D:3      | Slain by Grinder

Levels and vault maps discovered:
D:1:      dpeg_arrival_radiant, layout_basic
D:2:      minmay_razor_zed, layout_basic, dancing_weapons_uskayaw
D:3:      layout_rooms, first_ration, uniq_grinder

Skill      XL: |  1  2  3  4 |
---------------+-------------+-----
Polearms       | 3 4 |  4.0
Fighting       | |  2.6
Throwing       | |  2.3
Armour         | |  0.8
Dodging        | |  2.8

Action                   |  1- 3 |  4- 6 || total
-------------------------+-------+-------++-------
Melee: Trident           |    37 |       ||    37
       Kick              |     7 |    16 ||    23
       Halberd           |    15 |   122 ||   137
  Use: Scroll            |       |     1 ||     1
  Eat: Chunk             |       |     3 ||     3
Armor: Leather armour    |    11 |    64 ||    75
Dodge: Dodged            |    21 |    69 ||    90
